 Dungeon Crawl Stone Soup version 0.27-a0-216-g1fbed8a51c (webtiles) character file.

Game seed: 16250592305755339215

131 iamserjio the Skirmisher (level 5, -2/47 HPs)
             Began as a Gnoll Abyssal Knight on Jan 31, 2021.
             Was a Follower of Lugonu.
             Slain by a centaur (9 damage)
             ... on level 5 of the Dungeon.
             The game lasted 00:03:37 (655 turns).

iamserjio the Skirmisher (Gnoll Abyssal Knight)      Turns: 655, Time: 00:03:37

Health: -2/47      AC:  4    Str: 11    XL:     5   Next: 14%
Magic:  8/8        EV: 12    Int: 12    God:    Lugonu [*.....]
Gold:   105        SH:  0    Dex: 12    Spells: 6/6 levels left

rFire    . . .     SeeInvis .   l - +2 dagger (venom)
rCold    . . .     Faith    .   (no shield)
rNeg     . . .     Spirit   .   b - +0 leather armour
rPois    .         Reflect  .   (no helmet)
rElec    .         Harm     .   (no cloak)
rCorr    .         Rampage  .   c - +0 pair of gloves
Will     .....                  (no boots)
Stlth    +.........             d - amulet of inaccuracy (curse)
HPRegen  0.15/turn              (no ring)
MPRegen  0.11/turn              (no ring)

@: no status effects
A: distributed training, fangs 1, strong nose
a: Renounce Religion, Depart the Abyss


You were on level 5 of the Dungeon.
You worshipped Lugonu.
Lugonu was aware of your devotion.
You visited 1 branch of the dungeon, and saw 5 of its levels.
You visited the Abyss 1 time.

You collected 105 gold pieces.

Inventory:

Hand Weapons
 a - a +1 falchion
 h - a +0 dagger
 l - a +2 dagger of venom (weapon)
Missiles
 j - 8 javelins
 k - 29 arrows
Armour
 b - a +0 leather armour (worn)
 c - a +0 pair of gloves (worn)
 m - a +0 buckler
Jewellery
 d - a cursed amulet of inaccuracy (around neck)
 g - an uncursed amulet of magic regeneration {unknown}
 i - a cursed amulet of reflection {unknown}
Wands
 f - a wand of flame (19)
Potions
 e - 2 potions of curing {unknown}


   Skills:
 + Level 6.6 Fighting
 + Level 1.4 Short Blades
 + Level 4.7 Long Blades
 + Level 1.4 Axes
 + Level 1.4 Maces & Flails
 + Level 1.4 Polearms
 + Level 1.4 Staves
 + Level 1.4 Slings
 + Level 1.4 Bows
 + Level 1.4 Crossbows
 + Level 1.4 Throwing
 + Level 4.7 Armour
 + Level 2.9 Dodging
 + Level 1.4 Stealth
 + Level 1.4 Shields
 + Level 1.4 Unarmed Combat
 + Level 1.4 Spellcasting
 + Level 1.1 Conjurations
 + Level 1.1 Hexes
 + Level 1.1 Summonings
 + Level 1.1 Necromancy
 + Level 1.1 Translocations
 + Level 1.1 Transmutations
 + Level 1.1 Fire Magic
 + Level 1.1 Ice Magic
 + Level 1.1 Air Magic
 + Level 1.1 Earth Magic
 + Level 1.1 Poison Magic
 + Level 4.8 Invocations
 + Level 1.4 Evocations


You had 6 spell levels left.
You didn't know any spells.
Your spell library was empty.

Dungeon Overview and Level Annotations

Branches:
Dungeon (5/15)
 Temple: D:4-7

Altars:
Dithmenos
Ru


Innate Abilities, Weirdness & Mutations

Your experience applies equally to all skills.
You have very sharp teeth.
Your uncanny sense of smell can sniff out nearby items.


Message History

Found 7 gold pieces.
You hit the centaur.
The centaur is poisoned.
The centaur hits you!
You hit the centaur.
The centaur looks as sick as possible!
You bite the centaur. The centaur hits you! The centaur hits you.
The white imp gestures at you. The puff of frost hits you!
You hit the centaur.
The centaur looks as sick as possible!
The centaur closely misses you.
The centaur wields a +0 shortbow.
The centaur shoots an arrow.
The arrow misses you.
The arrow hits the quokka skeleton.
The quokka skeleton bites you but does no damage.
The centaur shoots an arrow.
The arrow hits you.
* * * LOW HITPOINT WARNING * * *
There is a stone staircase leading down here.
You hit the quokka skeleton.
You destroy the quokka skeleton!
The centaur unwields a +0 shortbow.
The centaur hits you!
* * * LOW HITPOINT WARNING * * *
You completely miss the centaur. The centaur hits you!
You die...

#...... # #.......#
..... .# ###......#
##.....#..+ #........#
#.#.######
.########5#....... .#.#
.......@c........ .....
#######.#.#..#######.#.#
#................
###.##.#.#####..##
#...............
####.#.#####..#
#.#.....<..#
#.#...###..# #.#...#
#..#


You could see a centaur (very poisoned) and a white imp.

Vanquished Creatures
  A scorpion (D:4)
  Jessica (D:2)
  An adder (D:3)
  A worm (D:2)
  3 dart slugs
  2 leopard geckos
  A ball python (D:4)
  5 bats
  A giant cockroach (D:1)
  4 goblins
  5 hobgoblins
  5 jackals
  2 frilled lizards
  3 kobolds
  A quokka skeleton (D:5)
  2 rats (D:1)
38 creatures vanquished.

Notes
Turn   | Place    | Note
-------+----------+-------------------------------------------
     0 | Abyss:1  | iamserjio the Gnoll Abyssal Knight began the quest for the
                  | Orb.
     0 | Abyss:1  | Reached XP level 1. HP: 23/23 MP: 3/3
    40 | D:1      | Escaped the Abyss
   109 | D:2      | Noticed Jessica
   117 | D:2      | Reached * piety under Lugonu
   120 | D:2      | Reached XP level 2. HP: 29/29 MP: 5/5
   136 | D:2      | Killed Jessica
   137 | D:2      | Reached XP level 3. HP: 35/35 MP: 6/6
   207 | D:4      | Noticed a scorpion
   214 | D:4      | Killed a scorpion
   215 | D:4      | Reached skill level 1 in Short Blades
   215 | D:4      | Reached skill level 1 in Axes
   215 | D:4      | Reached skill level 1 in Maces & Flails
   215 | D:4      | Reached skill level 1 in Polearms
   215 | D:4      | Reached skill level 1 in Staves
   215 | D:4      | Reached skill level 1 in Slings
   215 | D:4      | Reached skill level 1 in Bows
   215 | D:4      | Reached skill level 1 in Crossbows
   215 | D:4      | Reached skill level 1 in Throwing
   215 | D:4      | Reached skill level 1 in Stealth
   215 | D:4      | Reached skill level 1 in Shields
   215 | D:4      | Reached skill level 1 in Unarmed Combat
   215 | D:4      | Reached skill level 1 in Spellcasting
   215 | D:4      | Reached skill level 1 in Evocations
   215 | D:4      | Reached XP level 4. HP: 37/41 MP: 7/7
   245 | D:3      | Reached skill level 1 in Conjurations
   245 | D:3      | Reached skill level 1 in Hexes
   245 | D:3      | Reached skill level 1 in Summonings
   245 | D:3      | Reached skill level 1 in Necromancy
   245 | D:3      | Reached skill level 1 in Translocations
   245 | D:3      | Reached skill level 1 in Transmutations
   245 | D:3      | Reached skill level 1 in Fire Magic
   245 | D:3      | Reached skill level 1 in Ice Magic
   245 | D:3      | Reached skill level 1 in Air Magic
   245 | D:3      | Reached skill level 1 in Earth Magic
   245 | D:3      | Reached skill level 1 in Poison Magic
   306 | D:2      | Found a shadowy altar of Dithmenos.
   478 | D:1      | Reached XP level 5. HP: 31/47 MP: 8/8
   583 | D:4      | Found a sacrificial altar of Ru.
   632 | D:5      | Entered Level 5 of the Dungeon
   641 | D:5      | Noticed a centaur
   655 | D:5      | Slain by a centaur

Illustrated notes

Levels and vault maps discovered:
D:1:      erik_arrival_orb_chamber, layout_basic
D:2:      cheibrodos_helix_gallery, layout_loops_cross, grunt_dithmenos_smoke,
          minmay_octomino_e4, uniq_jessica
D:3:      layout_rooms, nzn_hepliaklqana_mist_gate, old_standard_altar,
          minmay_crystal_room
D:4:      layout_loops_corners, nicolae_ru_awakened_eye, minmay_diced_spiral
D:5:      layout_basic, temple_green, portal_sewer_entry_a, uniq_pikel

Skill      XL: |  1  2  3  4 |
---------------+-------------+-----
Short Blades   | 1 |  1.4
Axes           | 1 |  1.4
Maces & Flails | 1 |  1.4
Polearms       | 1 |  1.4
Staves         | 1 |  1.4
Slings         | 1 |  1.4
Bows           | 1 |  1.4
Crossbows      | 1 |  1.4
Throwing       | 1 |  1.4
Stealth        | 1 |  1.4
Shields        | 1 |  1.4
Unarmed Combat | 1 |  1.4
Spellcasting   | 1 |  1.4
Evocations     | 1 |  1.4
Conjurations   | 1 |  1.1
Hexes          | 1 |  1.1
Summonings     | 1 |  1.1
Necromancy     | 1 |  1.1
Translocations | 1 |  1.1
Transmutations | 1 |  1.1
Fire Magic     | 1 |  1.1
Ice Magic      | 1 |  1.1
Air Magic      | 1 |  1.1
Earth Magic    | 1 |  1.1
Poison Magic   | 1 |  1.1
Fighting       | |  6.6
Long Blades    | |  4.7
Armour         | |  4.7
Dodging        | |  2.9
Invocations    | |  4.8

Action                   |  1- 3 |  4- 6 || total
-------------------------+-------+-------++-------
Melee: Falchion          |    34 |    49 ||    83
       Bite              |     3 |     9 ||    12
       Dagger            |       |    42 ||    42
Invok: Depart the Abyss  |     1 |       ||     1
Evoke: Wand              |     7 |     6 ||    13
  Use: Scroll            |       |     2 ||     2
 Stab: Sleeping          |       |     2 ||     2
Armor: Leather armour    |    10 |    34 ||    44
Dodge: Dodged            |    27 |    62 ||    89
       Rpst.: Falchion   |     7 |    13 ||    20

Table legend: (Time is in decaauts)
 A = Elapsed time spent in this place.
 B = Non-inter-level travel time spent in this place.
 C = Inter-level travel time spent in this place.
 D = Time resting spent in this place.
 E = Time spent auto-exploring this place.
 F = Levels seen in this place.
 G = Mean time per level.
                   A        B        C        D        E       F      G
               +--------+--------+--------+--------+--------+-----+--------+
         Total |    663 |    649 |     14 |      0 |      0 |   6 |  110.5 |
       Dungeon |    623 |    609 |     14 |      0 |      0 |   5 |  124.6 |
         Abyss |     40 |     40 |      0 |      0 |      0 |   1 |   40.0 |
               +--------+--------+--------+--------+--------+-----+--------+

Top non-repeatable levels by time:
     D:2: 226 daAuts
     D:1: 205 daAuts
     D:4: 102 daAuts
     D:3: 66 daAuts
 Abyss:1: 40 daAuts
     D:5: 22 daAuts
